 Dungeon Crawl Stone Soup version 0.28-a0-1234-g826d19b2e0 (webtiles) character file.

Game seed: 15416582657445463890

288 SensoryNuts the Cudgeller (level 6, -3/61 HPs)
             Began as a Troll Fighter on Dec 23, 2021.
             Was an Initiate of Gozag.
             Slain by a troll (11 damage)
             ... on level 5 of the Dungeon.
             The game lasted 00:03:50 (3514 turns).

SensoryNuts the Cudgeller (Troll Fighter)           Turns: 3514, Time: 00:03:51

Health: -3/61      AC:  4    Str: 27    XL:     6   Next: 9%
Magic:  5/5        EV:  8    Int:  4    God:    Gozag
Gold:   266        SH:  7    Dex:  9    Spells: 5/5 levels left

rFire   . . .      SeeInvis .   f - +0 mace (vorpal)
rCold   . . .      Faith    .   c - +0 kite shield
rNeg    . . .      Spirit   .   b - +0 robe
rPois   .          Reflect  .   (helmet restricted)
rElec   .          Harm     .   (no cloak)
rCorr   .          Rampage  .   (gloves unavailable)
Will    .....                   (boots unavailable)
Stlth   +.........              (no amulet)
HPRegen 1.00/turn               (no ring)
MPRegen 0.09/turn               (no ring)

@: mighty
A: large, unfitting armour, claws 3, regeneration 1, shaggy fur 1, tough skin 1
a: Renounce Religion, Potion Petition, Call Merchant, Bribe Branch


You were on level 5 of the Dungeon.
You worshipped Gozag.
Gozag was aware of your devotion.
You visited 1 branch of the dungeon, and saw 5 of its levels.

You collected 300 gold pieces.
You paid 34 gold pieces to Gozag.

Inventory:

Hand Weapons
 a - a +1 flail
 f - a +0 vorpal mace (weapon)
Armour
 b - a +0 robe (worn)
 c - a +0 kite shield (worn)
Wands
 h - a wand of iceblast (6)
Scrolls
 g - a scroll of teleportation
 i - a scroll of summoning
 j - a scroll of blinking
 l - a scroll of enchant weapon
Potions
 e - 2 potions of curing


   Skills:
 + Level 3.2 Fighting
 + Level 4.0 Maces & Flails
 + Level 3.3 Dodging
 + Level 3.1 Shields


You had 5 spell levels left.
You didn't know any spells.
Your spell library was empty.

Dungeon Overview and Level Annotations

Branches:
Dungeon (5/15)
 Temple: D:4-7

Altars:
Ashenzari
Dithmenos
Gozag
Okawaru
Sif Muna
Trog
Uskayaw
Xom

Shops:
D:4 (


Innate Abilities, Weirdness & Mutations

You are too large for most types of armour.
You have claws for hands.
Your natural rate of healing is unusually fast.
You are covered in fur. (AC +1)
You have tough skin. (AC +1)


Message History

Done exploring.
Done exploring.
Done exploring.
Okay, then.
Okay, then.
You have 266 gold pieces.
There is a stone staircase leading up here.
There is a stone staircase leading down here.
You can't go up here!
You climb downwards.
Found 15 gold pieces.
There is a stone staircase leading up here.
Found 7 arrows.
A troll comes into view.
The troll shouts!
You hear a shout!
A troll is nearby!
You block the troll's attack. The troll claws you! The troll claws you.
You barely miss the troll. The troll bites you. The troll claws you! x2
The troll bites you!
* * * LOW HITPOINT WARNING * * *
The troll claws you.
* * * LOW HITPOINT WARNING * * *
You block the troll's attack.
You are too injured to fight recklessly!
You are too injured to fight recklessly!
You are too injured to fight recklessly!
You are too injured to fight recklessly!
You are too injured to fight recklessly!
You are too injured to fight recklessly!
You are too injured to fight recklessly!
You are too injured to fight recklessly!
You are too injured to fight recklessly!
You are too injured to fight recklessly!
You are too injured to fight recklessly!
You feel very mighty all of a sudden. The troll completely misses you.
The troll claws you!
* * * LOW HITPOINT WARNING * * *
The troll claws you!
You die...
Your body crumbles into a pile of gold.

##.
#....##.......# ..
#.#..##.......#
#.... ..##.......#
#..#. #$##..(....#
#....##.##........
........(......#
#.##.#.........
#.....T@...#
#.##.###...# #.
#.# .#.# #. #<# .#
# .. #.# .# #. #.#
.# #. #.# .. #.
### .#


You could see a troll.

Vanquished Creatures
  A phantom (D:4)
  A hound (D:4)
  An iguana (D:4)
  8 gnolls
  An adder (D:4)
  An adder skeleton (D:4)
  2 worms
  3 dart slugs
  6 endoplasms
  7 goblins
  6 hobgoblins
  6 kobolds
  3 quokkas
  7 ball pythons
  3 bats
  5 frilled lizards
  4 rats
65 creatures vanquished.

Notes
Turn   | Place    | Note
-------+----------+-------------------------------------------
     0 | D:1      | SensoryNuts the Troll Fighter began the quest for the Orb.
     0 | D:1      | Reached XP level 1. HP: 22/22 MP: 0/0
   607 | D:1      | Found a faded altar of an unknown god.
   779 | D:1      | Reached skill level 2 in Maces & Flails
   779 | D:1      | Reached XP level 2. HP: 14/29 MP: 1/1
  1280 | D:2      | Reached XP level 3. HP: 36/36 MP: 2/2
  1366 | D:2      | Reached XP level 4. HP: 15/44 MP: 3/3
  1827 | D:3      | Found a shimmering blue altar of Sif Muna.
  1828 | D:3      | Found a shadowy altar of Dithmenos.
  1829 | D:3      | Found a shimmering altar of Xom.
  1922 | D:3      | Found an iron altar of Okawaru.
  2055 | D:3      | Found a broken altar of Ashenzari.
  2252 | D:2      | Reached skill level 3 in Maces & Flails
  2580 | D:3      | Found a hide-covered altar of Uskayaw.
  2691 | D:3      | Found an opulent altar of Gozag.
  2700 | D:3      | Became a worshipper of Gozag Ym Sagoz the Greedy
  2900 | D:4      | Noticed a phantom
  2911 | D:4      | Killed a phantom
  2912 | D:4      | Reached XP level 5. HP: 53/53 MP: 4/4
  2996 | D:4      | Reached skill level 4 in Maces & Flails
  3029 | D:4      | Found Bihaz's Weapon Shop.
  3043 | D:4      | Found a bloodstained altar of Trog.
  3131 | D:4      | Reached XP level 6. HP: 12/61 MP: 5/5
  3503 | D:5      | Entered Level 5 of the Dungeon
  3505 | D:5      | Noticed a troll
  3514 | D:5      | Slain by a troll

Illustrated notes

Levels and vault maps discovered:
D:1:      lemuel_arrival_tunnels, layout_basic,
          hellmonk_ecumenical_altar_crossroads
D:2:      layout_loops_corners, kennysheep_another_room, minmay_pentomino_s2
D:3:      layout_basic, mainiacjoe_overflow_brackets,
          cheibrodos_ashenzari_chains,
          chequers_temple_overflow_statue_of_worship,
          nicolae_overflow_hidden_temple, lemuel_round_altar
D:4:      layout_rooms, overflow_temple_1_default, serial_shops,
          nicolae_shop_competitors_out_of_business, minmay_crystal_room
D:5:      layout_basic, minmay_temple_entry_sparse_star, uniq_sigmund

Skill      XL: |  1  2  3  4  5 |
---------------+----------------+-----
Maces & Flails | 2 3 4 |  4.0
Dodging        | 3 |  3.3
Shields        | 3 |  3.1
Fighting       | 3 |  3.2

Action                   |  1- 3 |  4- 6 || total
-------------------------+-------+-------++-------
Melee: Flail             |    93 |   156 ||   249
       Mace              |       |     1 ||     1
Throw: Throwing net      |       |     1 ||     1
  Use: Scroll            |     2 |     6 ||     8
       Potion            |       |     4 ||     4
Armor: Robe              |    25 |    59 ||    84
Dodge: Dodged            |    41 |    73 ||   114
Block: Kite shield       |    27 |    58 ||    85

Table legend: (Time is in decaauts)
 A = Elapsed time spent in this place.
 B = Non-inter-level travel time spent in this place.
 C = Inter-level travel time spent in this place.
 D = Time resting spent in this place.
 E = Time spent auto-exploring this place.
 F = Levels seen in this place.
 G = Mean time per level.
                   A        B        C        D        E       F      G
               +--------+--------+--------+--------+--------+-----+--------+
         Total |   3653 |   3417 |    236 |     27 |   2634 |   5 |  730.6 |
       Dungeon |   3653 |   3417 |    236 |     27 |   2634 |   5 |  730.6 |
               +--------+--------+--------+--------+--------+-----+--------+

Top non-repeatable levels by time:
     D:2: 1097 daAuts
     D:3: 1022 daAuts
     D:1: 887 daAuts
     D:4: 635 daAuts
     D:5: 11 daAuts
